[Event "44th Chess Olympiad Open 2022"]
[Site "Chennai"]
[Date "2022.08.08"]
[Round "10.50"]
[White "Gavarrete, Joel"]
[Black "Arias, Lemnys A."]
[Result "1/2-1/2"]
[WhiteElo "2035"]
[BlackElo "2258"]
[Annotator "NA RC"]
[PlyCount "84"]
[EventDate "2022.??.??"]
[TimeControl "60"]

1. Nf3 d5 2. b3 Bg4 3. e3 Nd7 4. Bb2 e6 5. Be2 c6 6. d4 Ngf6 7. Nbd2 a5 8. a4 Bb4 9. O-O O-O 10. Ne5 Bf5 11. Bd3 Qc7 12. Nxd7 Qxd7 13. Nf3 Ne4 14. Bxe4 Bxe4 15. Ne5 Qe8 16. Nd3 Bxd3 17. Qxd3 Qd7 18. c3 Bd6 19. Ba3 Bxa3 20. Rxa3 Qd6 21. Ra2 e5 22. dxe5 Qxe5 23. Qd4 Qxd4 24. cxd4 Ra6 25. g3 Rb6 26. Rb2 Rb4 27. Rc1 f6 28. Rc5 Ra8 29. Kf1 Kf7 30. Ke2 Ke6 31. Kd2 Kd6 32. Rc3 g5 33. g4 h5 34. h3 hxg4 35. hxg4 Rh8 36. Rb1 Rh4 37. Rg1 Rh2 38. Ke2 Rh4 39. Kd2 Rh7 40. Rgc1 Rh2 41. Ke2 Ke6 42. Rb1 Rh4 1/2-1/2

[Event "44th Chess Olympiad Open 2022"]
[Site "Chennai"]
[Date "2022.08.08"]
[Round "10.51"]
[White "Mc Intosh, Isaiah"]
[Black "Al Busaidi, Hamood"]
[Result "1-0"]
[WhiteElo "2215"]
[BlackElo "1743"]
[Annotator "NA RC"]
[PlyCount "67"]
[EventDate "2022.??.??"]
[TimeControl "60"]

1. d4 Nf6 2. c4 g6 3. Nc3 Bg7 4. e4 d6 5. Be2 O-O 6. Be3 Na6 7. h3 c5 8. Nf3 cxd4 9. Nxd4 Nc5 10. Qc2 a5 11. O-O b6 12. Rfd1 Bb7 13. Bf3 Nfd7 14. Rac1 Ne6 15. Nxe6 fxe6 16. Bg4 Kf7 17. f4 h5 18. Be2 Bh6 19. Rf1 Rc8 20. Qd2 Nf6 21. Bd3 Qc7 22. Kh1 Bg7 23. Qf2 Nd7 24. Qg3 h4 25. Qg4 Rh8 26. e5 Nf8 27. f5 exf5 28. Bxf5 gxf5 29. Qxf5+ Kg8 30. Qf7+ Kh7 31. Rf5 Bxg2+ 32. Kxg2 Qc6+ 33. Nd5 dxe5 34. Rh5+ 1-0

[Event "44th Chess Olympiad Open 2022"]
[Site "Chennai"]
[Date "2022.08.08"]
[Round "10.51"]
[White "Harper, Ryan"]
[Black "Al Maashani, Amer"]
[Result "1-0"]
[WhiteElo "2208"]
[BlackElo "1947"]
[Annotator "RC"]
[PlyCount "99"]
[EventDate "2022.??.??"]
[TimeControl "60"]

1. e4 c5 2. Nf3 Nc6 3. d4 cxd4 4. Nxd4 Nf6 5. Nc3 e5 6.
Ndb5 d6 7. Nd5 Nxd5 8. exd5 Nb8 9. a4 Be7 10. Be2 O-O 11.
O-O f5 12. f4 a6 13. Na3 Nd7 14. Nc4 exf4 15. Bxf4 a5 16. Be3 b6 17. Na3 Bf6 18. Bd4 Nc5 19. Bb5 Ra7 20. Nc4 Re7 21. Bxc5 bxc5 22. Qd2 Re4 23. Rae1 Rh4 24. c3 Bg5 25. Qd3 f4 26. Rf2 Bf5 27. Qf1 Qf6 28.
Nd2 Rh6 29. Ne4 Qg6 30. Nxg5 Qxg5 31. Rxf4 Qh5 32. h3 Rhf6 33. Qf3 Qf7 34. Bc4 g5 35. Qg3 Qg6 36. Rf2 h5 37. Bb5 h4 38. Qe3 g4 39. hxg4 Qxg4 40. Rf4 Qg5 41. Rf3 Qg7 42. Ref1 h3 43.
Rg3 Rg6 44. Rxf5 h2+ 45. Kxh2 Rxf5 46. Qe8+ Kh7 47. Rh3+ Rh6 48. Bd3 Qf6 49. Qd7+ Kh8 50. Qxf5 1-0

[Event "44th Chess Olympiad Open 2022"]
[Site "Chennai"]
[Date "2022.08.08"]
[Round "10.51"]
[White "Salim Mohammed, Salim Al Amri"]
[Black "Johnson, Joshua"]
[Result "0-1"]
[WhiteElo "1917"]
[BlackElo "2178"]
[Annotator "NA RC"]
[PlyCount "118"]
[EventDate "2022.??.??"]
[TimeControl "60"]

1. e4 e5 2. Nc3 Nf6 3. g3 Bc5 4. Bg2 c6 5. Nf3 d5 6. Nxe5 dxe4 7. O-O Qd4 8. Nxe4 Qxe5 9. Re1 O-O 10. c3 Nxe4 11. Bxe4 Qf6 12. d4 Bb6 13. Bf4 Bf5 14. Bxf5 Qxf5 15. Re5 Qf6 16. Qg4 Na6 17. Rae1 Bc7 18. Rf5 Qg6 19. Rg5 f5 20. Qh4 Bd8 21. Rxg6 Bxh4 22. Rd6 Bf6 23. Rd7 Rf7 24. Rd6 Nc7 25. Be5 Rd8 26. Rxd8+ Bxd8 27. Bxc7 Bxc7 28. Re8+ Rf8 29. Re7 Rc8 30. f4 b5 31. b4 Kf8 32. Rd7 Bb6 33. Kf2 Rc7 34. Rd8+ Ke7 35. Rh8 h6 36. h4 a5 37. a3 axb4 38. axb4 Ra7 39. Rg8 Ra3 40. Rxg7+ Kf6 41. Rb7 Bd8 42. Rd7 Be7 43. d5 Rxc3 44. dxc6 Bxb4 45. Rb7 Bc5+ 46. Ke2 b4 47. c7 Bd6 48. Rb6 Ke6 49. Rb8 Rxc7 50. Rh8 b3 51. Kd3 b2 52. Rb8 Rc3+ 53.
Kxc3 Bxb8 54. Kxb2 Kd5 55. Kc2 Ke4 56. g4 fxg4 57. Kd2 Kxf4 58. Ke2 Ba7 59. Kf1 Kf3 0-1

[Event "44th Chess Olympiad Open 2022"]
[Site "Chennai"]
[Date "2022.08.08"]
[Round "10.51"]
[White "Al Kathiri, Mana"]
[Black "Munro, Allan"]
[Result "1-0"]
[WhiteElo "1598"]
[BlackElo "2008"]
[Annotator "NA RC"]
[PlyCount "53"]
[EventDate "2022.??.??"]
[TimeControl "60"]

1. d4 d5 2. Nf3 Nf6 3. Bf4 c5 4. e3 Nc6 5. Nbd2 cxd4 6.
exd4 Bf5 7. c3 Qb6 8. Qb3 Qxb3 9. axb3 e6 10. Nh4 Bg4 11. h3 Bh5 12. g4 Bg6 13. Nxg6 hxg6 14. Bg2 Be7 15. b4 Bd8 16. O-O Nd7 17. Rfe1 O-O 18. b5 Ne7 19. Bd6 Re8 20. c4 Nb6 21. c5 Nbc8 22. Bg3 g5 23.
b4 Kf8 24. Bf1 Ng6 25. Nf3 Bf6 26. Ra3 Nf4 27. h4 1-0

[Event "44th Chess Olympiad Open 2022"]
[Site "Chennai"]
[Date "2022.08.08"]
[Round "10.52"]
[White "Nielsen, Hogni Egilstoft"]
[Black "Cilia Vincenti, David"]
[Result "1-0"]
[WhiteElo "2414"]
[BlackElo "1904"]
[Annotator "RC"]
[PlyCount "51"]
[EventDate "2022.??.??"]
[TimeControl "60"]

1. e4 c6 2. Nc3 d5 3. Nf3 dxe4 4. Nxe4 Nf6 5. Qe2 Nxe4 6. Qxe4 Nd7 7. g3 Nf6 8. Qe2 Bf5 9. d4 e6 10. Bg2 Bd6 11. O-O h6 12. Ne5 O-O 13.
b3 a5 14. a3 Qe7 15. Bb2 Rfd8 16. Nc4 Bc7 17. h3 Nd5 18. Rad1 Qg5 19. Ne5 Qe7 20. c4 Nf6 21. f4 Bd6 22. g4 Bh7 23. g5 Bxe5 24. fxe5 Nd7 25. gxh6 gxh6 26. Bc1 1-0

[Event "44th Chess Olympiad Open 2022"]
[Site "Chennai"]
[Date "2022.08.08"]
[Round "10.52"]
[White "Rodgaard, John"]
[Black "Vella, Duncan"]
[Result "1/2-1/2"]
[WhiteElo "2324"]
[BlackElo "1985"]
[Annotator "RC"]
[PlyCount "97"]
[EventDate "2022.??.??"]
[TimeControl "60"]

1. Nf3 c5 2. c4 Nc6 3. d4 cxd4 4. Nxd4 g6 5. e4 Nf6 6. Nc3 d6 7. Be2 Nxd4 8. Qxd4 Bg7 9. Be3 O-O 10. Qd2 a5 11. f3 a4 12. O-O Qa5 13.
Rab1 Be6 14. Rfc1 Rfc8 15. Nb5 Qxd2 16. Bxd2 Nd7 17. Be3 Nc5 18. Nd4 Bd7 19. Kf1 Ne6 20. Nc2 Nc5 21. Nb4 a3 22. b3 Bb2 23. Rd1 Be6 24. Nd5 Bxd5 25. exd5 Na6 26. Bd2 Kf8 27. Be1 Nc5 28. Rd2 Ra6 29. Rc2 Nd7 30. Bd3 Raa8 31. Ke2 Ne5 32. f4 Nd7 33. b4 b5 34. cxb5 Nb6 35. Rxc8+ Rxc8 36. Be4 Rc4 37. Bf3 Rxf4 38. Rd1 Na4 39. Rd3 Rc4 40. Bd2 Bc3 41. b6 Bxd2 42. b7 Rxb4 43.
Rb3 Rxb7 44. Rxb7 Bc1 45. Rb8+ Kg7 46. Kd3 Bb2 47. Bd1 Nc5+ 48. Kc4 Kf6 49. Re8 1/2-1/2

[Event "44th Chess Olympiad Open 2022"]
[Site "Chennai"]
[Date "2022.08.08"]
[Round "10.52"]
[White "Pace, Colin"]
[Black "Egilstoft, Rogvi"]
[Result "0-1"]
[WhiteElo "2159"]
[BlackElo "2284"]
[Annotator "NA RC"]
[PlyCount "86"]
[EventDate "2022.??.??"]
[TimeControl "60"]

1. e4 e5 2. Nf3 Nc6 3. Bc4 Bc5 4. c3 Nf6 5. d4 exd4 6. O-O d6 7. cxd4 Bb6 8. h3 h6 9. Nc3 O-O 10. Re1 Re8 11. Bb3 Ba5 12. Bc2 Ne7 13.
Qd3 d5 14. Nd2 dxe4 15. Ndxe4 Nxe4 16. Nxe4 Bf5 17. Rd1 Bg6 18. d5 Bb6 19. Qc4 Nf5 20. d6 cxd6 21. Ba4 Qh4 22. Bxe8 Rxe8 23. Bf4 Nd4 24. Rxd4 Bxd4 25. g3 Qxh3 26. Nxd6 Bxf2+ 27. Kxf2 Qh2+ 28. Kf1 Re6 29. Rc1 Qh1+ 30. Kf2 Qh2+ 31. Kf1 Kh7 32. Qd4 Qh3+ 33. Kf2 Qh2+ 34. Kf1 Qh3+ 35. Kf2 Bh5 36. Qd3+ g6 37. Ne4 Qh2+ 38. Ke3 g5 39. Bb8 Qg2 40. Rf1 Bg6 41. Rxf7+ Bxf7 42. Bxa7 Qxg3+ 43. Kd2 Qxd3+ 0-1

[Event "44th Chess Olympiad Open 2022"]
[Site "Chennai"]
[Date "2022.08.08"]
[Round "10.52"]
[White "Darmanin, Jake"]
[Black "Ziska, Helgi Dam"]
[Result "0-1"]
[WhiteElo "2101"]
[BlackElo "2549"]
[Annotator "RC"]
[PlyCount "84"]
[EventDate "2022.??.??"]
[TimeControl "60"]

1. e4 c5 2. Nf3 d6 3. c3 Nf6 4. h3 g6 5. Bd3 Bg7 6. O-O O-O 7. Bc2 e5 8. d4 exd4 9. cxd4 Nc6 10. Nc3 cxd4 11. Nxd4 d5 12. Nxc6 bxc6 13. exd5 Nxd5 14. Nxd5 cxd5 15. Rb1 Rb8 16. b4 Ba6 17. Bd3 Bc4 18. Bxc4 dxc4 19. Qc2 c3 20. Be3 Qh4 21. b5 Qc4 22. a4 Rb7 23. Rfd1 Re8 24. Rd3 h5 25. Rbd1 Re4 26. Ra1 Kh7 27. Rd6 Rbe7 28. Rc6 Qb4 29. Ra6 Bd4 30. Rb1 Qc5 31. Rc6 Qf5 32. Rf1 Bg7 33. Bc5 Rd7 34. f3 Rc4 35. Qxf5 gxf5 36. Be3 Rxa4 37. Rc1 Rd5 38. b6 axb6 39. Rxb6 Rd3 40. Bf2 Ra2 41. Rc6 Rdd2 42. Be3 Rxg2+ 0-1

[Event "44th Chess Olympiad Open 2022"]
[Site "Chennai"]
[Date "2022.08.08"]
[Round "10.53"]
[White "Bwalya, Gillan"]
[Black "Mwale, Joseph"]
[Result "1/2-1/2"]
[WhiteElo "2396"]
[BlackElo "2131"]
[Annotator "RC"]
[PlyCount "176"]
[EventDate "2022.??.??"]
[TimeControl "60"]

1. e4 e5 2. Nf3 Nf6 3. Nxe5 d6 4. Nf3 Nxe4 5. Nc3 Nxc3 6.
dxc3 Be7 7. Be3 Nc6 8. Qd2 O-O 9. O-O-O Bf5 10. Rg1 Qd7 11.
h3 Rae8 12. Kb1 a6 13. g4 Be4 14. Ne1 Ne5 15. Be2 Qc6 16. g5 Nc4 17. Bxc4 Qxc4 18. h4 Bg6 19. Ng2 Bh5 20. Rde1 d5 21. Nf4 Bf3 22. Rg3 Be4 23. f3 Bf5 24. b3 Qc6 25. Nxd5 Bd6 26. Rgg1 Re5 27. c4 Rfe8 28. Bf4 R5e6 29. Bxd6 Qxd6 30. Rxe6 Rxe6 31. Rd1 Kf8 32. Qf2 c6 33. c5 Qe5 34. Nb4 g6 35. Nd3 Qe3 36. Qg3 Bxd3 37. Rxd3 Qxc5 38. Rd8+ Kg7 39. Qb8 Re1+ 40. Kb2 Qe5+ 41. Qxe5+ Rxe5 42. Rd7 b5 43. Ra7 Rf5 44. Rxa6 Rxf3 45. Rxc6 Rf4 46. c4 b4 47. a3 Rf2+ 48. Ka1 Rf1+ 49. Kb2 Rf2+ 50. Kb1 Rf1+ 51. Kc2 Rf2+ 52. Kd3 Rf3+ 53. Kd4 Rxb3 54. axb4 Rxb4 55. Rf6 h6 56. Rf3 hxg5 57. hxg5 Rb1 58. c5 Kf8 59. Re3 Rd1+ 60. Kc4 Rg1 61. c6 Rc1+ 62. Kd5 f6 63. gxf6 Kf7 64. Rf3 Rd1+ 65. Kc5 Rc1+ 66. Kb6 Rb1+ 67. Ka7 Rc1 68. Kb7 Rb1+ 69. Kc8 Rc1 70. c7 Rc2 71. Rf4 Rc1 72. Kd7 Rd1+ 73. Kc6 Rc1+ 74. Kd6 Rc2 75. Rf1 Rd2+ 76. Kc6 Rc2+ 77. Kb7 Rb2+ 78. Kc8 Rc2 79. Rd1 Kxf6 80. Kd7 Kf5 81. c8=Q Rxc8 82. Kxc8 g5 83. Kd7 g4 84. Rg1 Kf4 85. Ke6 g3 86. Rf1+ Ke3 87. Kf5 g2 88. Ra1 Kf2 1/2-1/2

[Event "44th Chess Olympiad Open 2022"]
[Site "Chennai"]
[Date "2022.08.08"]
[Round "10.53"]
[White "Lungu, Nase"]
[Black "Matola Ernest"]
[Result "1-0"]
[WhiteElo "2216"]
[BlackElo "1964"]
[Annotator "NA RC"]
[PlyCount "99"]
[EventDate "2022.??.??"]
[TimeControl "60"]

1. c4 e5 2. Nc3 Nc6 3. g3 g6 4. Bg2 Bg7 5. Rb1 a5 6. a3 Nf6 7. b4 O-O 8. b5 Nd4 9. e3 Nf5 10. Nge2 d6 11. O-O Re8 12. d3 h5 13. e4 Ne7 14. h3 h4 15. g4 Nh7 16. f4 exf4 17. Bxf4 g5 18. Be3 f6 19. Qd2 c6 20. Na4 c5 21. d4 cxd4 22. Nxd4 Qc7 23. Rbc1 b6 24. e5 dxe5 25. Bxa8 exd4 26. Bxd4 Bxg4 27. Bxb6 Qc8 28. hxg4 Qxa8 29. Rce1 Qc8 30. Re4 Nf8 31. Qd6 Neg6 32. Rxe8 Qxe8 33. Nc3 Nf4 34. Rxf4 gxf4 35. Qd5+ Kh8 36. Qh5+ Qxh5 37. gxh5 f5 38. Nd5 Ne6 39. Bxa5 Bd4+ 40. Kg2 Kh7 41. b6 Kh6 42. b7 Ba7 43. Bc7 Nxc7 44. Nxc7 Kxh5 45. Nd5 Kg4 46. Nf6+ Kg5 47. Nd7 Kg4 48. Ne5+ Kg5 49. Nc6 Kg4 50. Nxa7 1-0

[Event "44th Chess Olympiad Open 2022"]
[Site "Chennai"]
[Date "2022.08.08"]
[Round "10.53"]
[White "Chimthere, Alfred Charles"]
[Black "Kabwe Timothy"]
[Result "1/2-1/2"]
[WhiteElo "2035"]
[BlackElo "2248"]
[Annotator "NA RC"]
[PlyCount "62"]
[EventDate "2022.??.??"]
[TimeControl "60"]

1. d4 e6 2. c4 d5 3. Nf3 c6 4. e3 f5 5. Be2 Nf6 6. O-O Bd6 7. b3 O-O 8. Bb2 Nbd7 9. Nbd2 b6 10. a3 a5 11. Qc2 Bb7 12. cxd5 cxd5 13. Bb5 Qc8 14. Qd3 Ne4 15. Rac1 Qd8 16. g3 Qe7 17. Nb1 Rfc8 18. Rfd1 h6 19. Qe2 Qd8 20. Ne1 Rxc1 21. Rxc1 Rc8 22. Rc2 Rxc2 23. Qxc2 Qc8 24. Qxc8+ Bxc8 25. Nd3 Kf7 26. Kf1 Ke7 27. Ke2 Nb8 28. f3 Nf6 29. Nc3 Bd7 30. Bxd7 Nbxd7 31. Nb5 Bb8 1/2-1/2

[Event "44th Chess Olympiad Open 2022"]
[Site "Chennai"]
[Date "2022.08.08"]
[Round "10.53"]
[White "Nyambalo, Joseph Xavier"]
[Black "Phiri, Richmond"]
[Result "1/2-1/2"]
[WhiteElo "1981"]
[BlackElo "2293"]
[Annotator "NA RC"]
[PlyCount "71"]
[EventDate "2022.??.??"]
[TimeControl "60"]

1. c4 Nf6 2. Nc3 c5 3. g3 e6 4. Nf3 d5 5. cxd5 Nxd5 6. Bg2 Be7 7. O-O O-O 8. e4 Nxc3 9. dxc3 Nc6 10. Be3 Qc7 11. Qc2 Rd8 12. Rfd1 Bd7 13. h4 Be8 14. Qe2 Qa5 15. Nd2 Qa4 16. b3 Qa5 17. Rdc1 Ne5 18.
Rc2 Bb5 19. c4 Bc6 20. Nf1 Nd3 21. Bd2 Qc7 22. Bc3 Nb4 23. Qg4 g6 24. Rd2 h5 25. Rxd8+ Rxd8 26. Qe2 Be8 27. a3 Nc6 28. Qb2 Nd4 29. Rd1 Bf6 30.
Kh1 Bc6 31. Ne3 b6 32. b4 Kh7 33. b5 Bb7 34. Re1 Bg7 35. a4 Qe7 36. a5 1/2-1/2

[Event "44th Chess Olympiad Open 2022"]
[Site "Chennai"]
[Date "2022.08.08"]
[Round "10.54"]
[White "Msellek, Ilyass"]
[Black "Jean Louis, Marckens"]
[Result "1-0"]
[WhiteElo "2398"]
[BlackElo "2050"]
[Annotator "RC"]
[PlyCount "47"]
[EventDate "2022.??.??"]
[TimeControl "60"]

1. e4 c6 2. d4 d5 3. f3 dxe4 4. fxe4 e5 5. Nf3 exd4 6. Bc4 f6 7. O-O Bg4 8. h3 Bxf3 9. Qxf3 Bd6 10. Qb3 Ne7 11. Bf7+ Kd7 12. Nd2 b5 13. a4 Qb6 14. Qe6+ Kc7 15. e5 fxe5 16. a5 Qa6 17. Ne4 c5 18.
Bg5 Nc8 19. Be8 Be7 20. Qxe5+ Kd8 21. Nxc5 Nd7 22. Bxd7 Qg6 23. Ne6+ Kxd7 24. Qc7+ 1-0

[Event "44th Chess Olympiad Open 2022"]
[Site "Chennai"]
[Date "2022.08.08"]
[Round "10.54"]
[White "Choukri, Adel"]
[Black "Germinal, Kemly"]
[Result "1-0"]
[WhiteElo "2306"]
[BlackElo "1997"]
[Annotator "RC"]
[PlyCount "73"]
[EventDate "2022.??.??"]
[TimeControl "60"]

1. e4 e5 2. Nf3 Nc6 3. Bb5 Nf6 4. O-O Nxe4 5. Re1 Nd6 6.
Nxe5 Nxe5 7. Rxe5+ Be7 8. Bf1 O-O 9. d4 Bf6 10. Re1 Nf5 11. d5 d6 12. Nd2 Bd4 13. a4 a5 14. c3 Bb6 15. Ne4 Bd7 16. Bf4 Ne7 17. c4 Ng6 18.
Bg5 f6 19. Bd2 Bf5 20. Ng3 Bd7 21. Qc2 Re8 22. Bd3 Nf8 23. Bc3 c6 24. Rxe8 Bxe8 25. Re1 Bg6 26. Nf5 Bxf5 27. Bxf5 Bc5 28. Qe4 cxd5 29. Qxd5+ Kh8 30. Qf7 Ng6 31. Bxg6 hxg6 32. Qxg6 Qd7 33. Re4 Qxa4 34. g3 Rf8 35. Re7 Qd1+ 36. Kg2 Rg8 37. Bxf6 1-0

[Event "44th Chess Olympiad Open 2022"]
[Site "Chennai"]
[Date "2022.08.08"]
[Round "10.54"]
[White "Etienne, Angelo"]
[Black "Tissir, Mohamed"]
[Result "0-1"]
[WhiteElo "2036"]
[BlackElo "2366"]
[Annotator "RC"]
[PlyCount "96"]
[EventDate "2022.??.??"]
[TimeControl "60"]

1. d4 d6 2. e4 g6 3. Be3 Bg7 4. c3 Nd7 5. Bc4 Ngf6 6. f3 O-O 7. Ne2 e5 8. O-O Qe7 9. Ng3 c6 10. Re1 h5 11. Bg5 Qe8 12. Qd2 Nh7 13. Bh6 Qe7 14. Bxg7 Kxg7 15. Na3 h4 16. Nh1 Ndf6 17. Nf2 Nh5 18. Nd3 Qf6 19. dxe5 dxe5 20. Qe3 Rd8 21. Rad1 Ng5 22. Rf1 Ne6 23. Bxe6 Bxe6 24. b3 b6 25. Rde1 Rd7 26. f4 Rxd3 27. Qxd3 Nxf4 28. Qc2 Qg5 29. Nc4 Rd8 30. Rd1 Bh3 31. Ne3 Bxg2 32. Nxg2 Rxd1 33. Rxd1 h3 34. Qf2 hxg2 35. Qf3 Qh4 36. h3 Nxh3+ 37. Kxg2 Ng5 38. Qg3 Qxe4+ 39. Kf1 Qf5+ 40. Qf2 Nf3 41. Kg2 Qg4+ 42. Kf1 e4 43. Rd6 Qf4 44. Rd4 c5 45. Rd8 e3 46. Qb2 Nd4+ 47. Kg2 Qg4+ 48. Kh1 e2 0-1

[Event "44th Chess Olympiad Open 2022"]
[Site "Chennai"]
[Date "2022.08.08"]
[Round "10.54"]
[White "Gabriel, Davidson"]
[Black "Zrikem, Nassim"]
[Result "1-0"]
[WhiteElo "1915"]
[BlackElo "2075"]
[Annotator "NA RC"]
[PlyCount "60"]
[EventDate "2022.??.??"]
[TimeControl "60"]

1. d4 Nf6 2. c4 e6 3. Nc3 Bb4 4. Qc2 c5 5. dxc5 Nc6 6. Nf3 O-O 7. Bg5 Bxc5 8.
e3 Be7 9. Rd1 Qa5 10. Be2 d5 11. O-O dxc4 12. Bxc4 h6 13. Bh4 a6 14. Be2 e5 15. Bxf6 Bxf6 16. Nd2 Be6 17. Bc4 Rfe8 18. Bxe6 Rxe6 19. Nc4 Qc5 20. Qe4 b5 21. Na5 Rc8 22. Nb3 Qf8 23. Nd5 Bd8 24. Rc1 Ne7 25. Nxe7+ Bxe7 26. Rxc8 Qxc8 27. Rc1 Qd8 28. g3 g6 29. Qb7 Bf8 30. Rc8 Qe7 1-0

[Event "44th Chess Olympiad Open 2022"]
[Site "Chennai"]
[Date "2022.08.08"]
[Round "10.55"]
[White "Chinchilla Miranda, Eugenio"]
[Black "Matoewi, Roger"]
[Result "1-0"]
[WhiteElo "2206"]
[BlackElo "2015"]
[Annotator "NA RC"]
[PlyCount "59"]
[EventDate "2022.??.??"]
[TimeControl "60"]

1. d4 f5 2. Bg5 Nf6 3. Bxf6 exf6 4. e3 d5 5. c4 Bb4+ 6. Nc3 O-O 7. Qb3 Bxc3+ 8. bxc3 dxc4 9. Bxc4+ Kh8 10. Ne2 Nc6 11. Bd3 Qd6 12. Rb1 Ne7 13. O-O b6 14. Qc2 Bd7 15. Ng3 g6 16. c4 Bc6 17. Rbc1 Rae8 18. Ne2 Ba8 19. Nf4 g5 20. Ne2 Qc6 21. d5 Nxd5 22. cxd5 Qxd5 23. f3 Rxe3 24. Bxf5 c5 25. Be4 Qe6 26. Qd2 Ra3 27. Nc3 Bxe4 28.
fxe4 c4 29. Qb2 Ra5 30. Nd5 1-0

[Event "44th Chess Olympiad Open 2022"]
[Site "Chennai"]
[Date "2022.08.08"]
[Round "10.55"]
[White "Cabezas Solano, David Alejandro"]
[Black "Giasi, Viresh"]
[Result "1-0"]
[WhiteElo "2196"]
[BlackElo "2006"]
[Annotator "NA RC"]
[PlyCount "119"]
[EventDate "2022.??.??"]
[TimeControl "60"]

1. d4 d5 2. Nf3 Nf6 3. g3 Nbd7 4. Bg2 e6 5. O-O Bd6 6. c4 dxc4 7. Nbd2 Nb6 8. e4 Bb4 9. Nxc4 Nxe4 10. Nxb6 axb6 11. Qe2 Nd6 12. Bg5 f6 13. Bf4 b5 14. a3 Ba5 15. Bxd6 Qxd6 16. Qxb5+ Qd7 17. Qc4 O-O 18. b4 Bb6 19. Rfe1 Qd5 20. Qc2 Qh5 21. a4 Bd7 22. a5 Ba7 23.
Qxc7 Bc6 24. Qf4 e5 25. Qe3 exd4 26. Qd3 Rfe8 27. Rab1 Bb5 28. Qb3+ Kf8 29. Nd2 Rxe1+ 30. Rxe1 Re8 31. Rxe8+ Qxe8 32. Be4 Qc8 33. Qd5 Qc1+ 34. Kg2 Bc6 35. Qd6+ Kf7 36. Bd5+ Kg6 37. Nf3 Bxd5 38. Qxd5 Qc6 39. Nh4+ Kh6 40. Nf5+ Kh5 41. Qxc6 bxc6 42. Kf3 d3 43. Ne7 d2 44. Ke2 Bxf2 45. Nxc6 Kg4 46. b5 Bg1 47. a6 Kf5 48. a7 Bxa7 49. Nxa7 Ke6 50. b6 Kd7 51. Kxd2 h5 52. Kd3 f5 53. h4 g6 54. Kd4 Kd6 55. Nc8+ Kd7 56. b7 Kc7 57. Nd6 g5 58.
hxg5 f4 59. gxf4 h4 60. Ke4 1-0

[Event "44th Chess Olympiad Open 2022"]
[Site "Chennai"]
[Date "2022.08.08"]
[Round "10.55"]
[White "Sanches, Casanova Romario"]
[Black "Chaves Sanchez, Gabriel A"]
[Result "0-1"]
[WhiteElo "2066"]
[BlackElo "2125"]
[Annotator "NA RC"]
[PlyCount "68"]
[EventDate "2022.??.??"]
[TimeControl "60"]

1. e4 e5 2. Bc4 Nf6 3. d3 Bc5 4. Nc3 O-O 5. f4 d5 6. Nxd5 Be6 7. fxe5 Nxd5 8. exd5 Bxd5 9. Bxd5 Qxd5 10. Nf3 Nc6 11. Bf4 f6 12. c4 Qd7 13. Qe2 fxe5 14. Be3 Bb4+ 15. Bd2 Nd4 16. Nxd4 Bxd2+ 17. Qxd2 Qxd4 18. O-O-O Rf2 19. Qb4 b6 20. Rhe1 c5 21. Qb5 Raf8 22. Re4 Qd6 23. Rg4 Re2 24. h3 Qh6+ 25. Kb1 Qd6 26. Kc1 h6 27. Rd2 Re1+ 28. Kc2 Kh7 29. a3 Rd8 30. b4 Re2 31. Rg3 Rxd2+ 32. Kxd2 e4 33. Re3 Qf4 34. Qc6 Rxd3+ 0-1

[Event "44th Chess Olympiad Open 2022"]
[Site "Chennai"]
[Date "2022.08.08"]
[Round "10.55"]
[White "Gajadin, Dewperkash"]
[Black "Arias Santana, Mauricio"]
[Result "0-1"]
[WhiteElo "1990"]
[BlackElo "2318"]
[Annotator "RC"]
[PlyCount "46"]
[EventDate "2022.??.??"]
[TimeControl "60"]

1. e4 e5 2. Nf3 Nc6 3. Bc4 Nf6 4. d3 Bc5 5. c3 d6 6. O-O a5 7. d4 Ba7 8. dxe5 Nxe5 9. Nxe5 dxe5 10. Qb3 O-O 11. Bg5 h6 12. Bh4 Qe7 13.
Nd2 g5 14. Bg3 Nh5 15. Nf3 Nxg3 16. hxg3 Kg7 17. Rad1 c6 18. Rd2 h5 19. Kh2 Rh8 20. Nxe5 Qxe5 21. f4 gxf4 22. gxf4 Qe7 23. e5 Qh4# 0-1

[Event "44th Chess Olympiad Open 2022"]
[Site "Chennai"]
[Date "2022.08.08"]
[Round "10.56"]
[White "Kojima, Shinya"]
[Black "Al-Sulaiti, Ghanem"]
[Result "1-0"]
[WhiteElo "2346"]
[BlackElo "2183"]
[Annotator "RC"]
[PlyCount "67"]
[EventDate "2022.??.??"]
[TimeControl "60"]

1. e4 c5 2. Nf3 Nc6 3. Bb5 g6 4. O-O Bg7 5. c3 Nf6 6. Re1 O-O 7. d4 d5 8. e5 Ne4 9. Bxc6 bxc6 10. Be3 cxd4 11. cxd4 f6 12. Nbd2 Bg4 13. Qa4 Nxd2 14. Nxd2 fxe5 15. dxe5 Bd7 16. Bc5 Rf5 17. Nf3 Qc7 18. Bxe7 Bxe5 19. Nxe5 Rxe5 20. Qd4 Rf5 21. g3 Rf7 22. Bb4 h5 23. Re5 Bf5 24. Rae1 Be4 25. f3 Rxf3 26. R1xe4 dxe4 27. Re7 Rxg3+ 28. Kh1 Qxe7 29. Bxe7 Rg4 30. Qc4+ Kg7 31. Qxc6 Rg8 32. Qf6+ Kh7 33. Bb4 g5 34. Qf7+ 1-0

[Event "44th Chess Olympiad Open 2022"]
[Site "Chennai"]
[Date "2022.08.08"]
[Round "10.56"]
[White "Kobayashi, Atsuhiko"]
[Black "Erfan Mohamad Firdaus"]
[Result "1-0"]
[WhiteElo "2156"]
[BlackElo "1294"]
[Annotator "NA RC"]
[PlyCount "111"]
[EventDate "2022.??.??"]
[TimeControl "60"]

1. Nf3 Nf6 2. c4 g6 3. Nc3 d5 4. cxd5 Nxd5 5. Qb3 e6 6. e4 Nxc3 7. Qxc3 Rg8 8. d4 Nd7 9. Bc4 Bg7 10. Bg5 Bf6 11. Bxf6 Qxf6 12. O-O Kf8 13. e5 Qe7 14. d5 Kg7 15. dxe6 fxe6 16. Rad1 Nb6 17. Bb3 a5 18. a3 a4 19. Ba2 c6 20. Rd4 Nd5 21. Qc2 b5 22. Qxc6 Bb7 23.
Qxb5 Ba6 24. Qc6 Rgc8 25. Bxd5 Bxf1 26. Qxa8 Rxa8 27. Bxa8 Bb5 28. h4 h6 29. Rd6 Qe8 30. Bb7 Qb8 31. Rb6 Bc6 32. Rxc6 Qxb7 33. Rc4 Qd5 34. Rd4 Qb5 35. g3 Qc6 36. Kg2 g5 37. hxg5 hxg5 38. Rg4 Kh6 39. Rxg5 Qe4 40. Rg8 Qb7 41. Rg4 Qc6 42. Rf4 Kg7 43. g4 Qc2 44. Rb4 Kg6 45. Kg3 Qd1 46. Rb7 Qc1 47. Nh4+ Kg5 48. Nf3+ Kg6 49. Ra7 Qc2 50. Ra6 Qxb2 51. Rxa4 Qb5 52. Rf4 Qd5 53. a4 Qa5 54. Rf6+ Kg7 55. Rxe6 Qxa4 56. Rf6 1-0

[Event "44th Chess Olympiad Open 2022"]
[Site "Chennai"]
[Date "2022.08.08"]
[Round "10.56"]
[White "Al-Homaid, Abdulla"]
[Black "Averbukh, Alex"]
[Result "0-1"]
[WhiteElo "1358"]
[BlackElo "2155"]
[Annotator "NA RC"]
[PlyCount "72"]
[EventDate "2022.??.??"]
[TimeControl "60"]

1. e4 c6 2. d4 d5 3. Nc3 dxe4 4. Nxe4 Nd7 5. Nf3 Ngf6 6. Nxf6+ Nxf6 7. c3 Bg4 8. Be2 e6 9. O-O Bd6 10. Bg5 h6 11. Bh4 Qc7 12. Ne5 Bf5 13.
Bg3 Ne4 14. Nc4 Nxg3 15. Nxd6+ Qxd6 16. hxg3 O-O-O 17. Bd3 g6 18. Qf3 h5 19. Bxf5 gxf5 20. Qf4 Qe7 21. Qh4 Qd7 22. a4 Rdg8 23. f3 Rg6 24. Qf4 Rhg8 25. Kf2 Qd8 26. Rh1 Qb6 27. b4 Rg5 28. Qd6 Qc7 29. Qxc7+ Kxc7 30. Rag1 Kd6 31. Ke3 f6 32. Rh4 e5 33. Kd3 Rxg3 34. Rxh5 e4+ 35. Kd2 exf3 36. Rxf5 Rxg2+ 0-1

[Event "44th Chess Olympiad Open 2022"]
[Site "Chennai"]
[Date "2022.08.08"]
[Round "10.57"]
[White "Sanchez Alvarez, Roberto Carlos"]
[Black "Beukes, Dante M"]
[Result "1/2-1/2"]
[WhiteElo "2431"]
[BlackElo "2234"]
[Annotator "RC"]
[PlyCount "88"]
[EventDate "2022.??.??"]
[TimeControl "60"]

1. d4 Nf6 2. c4 g6 3. Nc3 Bg7 4. e4 d6 5. f3 O-O 6. Be3 c5 7. Nge2 Qa5 8.
Nc1 cxd4 9. Nb3 Qb6 10. Bxd4 Qd8 11. Qd2 Nc6 12. Be3 Be6 13. Nd5 Nd7 14. Be2 a5 15. a4 b6 16. O-O Nc5 17. Ra3 Bd7 18.
Rb1 Rb8 19. Bf1 Ne5 20. Nc3 Be6 21. Nd5 Bd7 22. Be2 Bc6 23.
Nd4 Ba8 24. b4 axb4 25. Rxb4 e6 26. Nc3 Nc6 27. Rb1 Nxd4 28.
Bxd4 Bxd4+ 29. Qxd4 Qe7 30. Nb5 Rfd8 31. a5 d5 32. exd5 bxa5 33.
Qe3 Qf8 34. dxe6 Nxe6 35. Rxa5 Nd4 36. Bf1 Nc6 37. Raa1 Ne7 38. Bd3 h5 39. Re1 Nc6 40. Be4 Ne5 41. Rxa8 Rxa8 42. Bxa8 Nxc4 43. Qe7 Rxa8 44. Qxf8+ Kxf8 1/2-1/2